 Dungeon Crawl Stone Soup version 0.29-a0-517-gbdf32494f2 (webtiles) character file.

Game seed: 11077702396664217617

20073 RepHenryClay the Basher (level 12, -4/118 HPs)
             Began as a Troll Gladiator on May 30, 2022.
             Was the Champion of Okawaru.
             Slain by a harpy simulacrum (19 damage)
             ... in an ice cave.
             The game lasted 00:29:07 (12186 turns).

RepHenryClay the Basher (Troll Gladiator)          Turns: 12186, Time: 00:29:07

Health: -4/118     AC:  7    Str: 27    XL:     12   Next: 42%
Magic:  14/14      EV: 19    Int:  4    God:    Okawaru [******]
Gold:   1001       SH:  0    Dex: 13    Spells: 11/11 levels left

rFire   . . .      SeeInvis +   e - +5 dire flail (protect)
rCold   . . .      Faith    .   (shield currently unavailable)
rNeg    . . .      Spirit   .   b - +2 animal skin "Loaf" {rElec rPois SInv}
rPois   +          Reflect  .   c - +0 hat
rElec   +          Harm     .   F - +0 cloak
rCorr   .          Rampage  .   (gloves unavailable)
Will    .....                   (boots unavailable)
Stlth   +.........              (no amulet)
HPRegen 1.09/turn               r - +4 ring of evasion
MPRegen 0.14/turn               E - +4 ring of evasion

@: no status effects
A: large, unfitting armour, claws 3, regeneration 1, shaggy fur 1, tough skin 1
a: Renounce Religion, Heroism, Finesse, Duel


You were in an ice cave.
You worshipped Okawaru.
Okawaru was exalted by your worship.
You visited 4 branches of the dungeon, and saw 16 of its levels.
You also visited: Bailey and Ice Cave.

You collected 1068 gold pieces.
You spent 67 gold pieces at shops.

Inventory:

Hand Weapons
 e - a +5 dire flail of protection (weapon)
 x - a +0 flail of holy wrath
 M - a +2 spear of venom
 Q - the +5 great mace of Oloazuf {venom, Int+5 SInv}
   (Okawaru gifted it to you on level 10 of the Dungeon)

   It poisons the flesh of those it strikes.
   Int:       It affects your intelligence (+5).
   SInv:      It lets you see invisible.
Missiles
 d - a throwing net
 f - 5 large rocks (quivered)
 o - 2 curare-tipped darts
 p - 3 javelins
 w - 34 poisoned darts
Armour
 b - the +2 animal skin "Loaf" (worn) {rElec rPois SInv}
   (Okawaru gifted it to you on level 11 of the Dungeon)

   rElec:     It insulates you from electricity.
   rPois:     It protects you from poison.
   SInv:      It lets you see invisible.
 c - a +0 hat (worn)
 y - +0 acid dragon scales
 F - a +0 cloak (worn)
 R - +0 steam dragon scales
 U - the -1 hat "Tytuesh" {rElec Str+2 Int-4 Dex+3}
   (Okawaru gifted it to you on level 2 of the Lair of Beasts)

   Str:       It affects your strength (+2).
   Int:       It affects your intelligence (-4).
   Dex:       It affects your dexterity (+3).
   rElec:     It insulates you from electricity.
Jewellery
 a - a ring of wizardry
 r - a +4 ring of evasion (left claw)
 v - a ring of poison resistance
 B - a ring of positive energy
 D - a ring of protection from fire
 E - a +4 ring of evasion (right claw)
 G - a ring of flight
 O - a +6 ring of dexterity
 S - a ring of resist corrosion
Wands
 g - a wand of flame (2)
 u - a wand of iceblast (2)
 I - a wand of acid (4)
 T - a wand of paralysis (4)
Scrolls
 i - 3 scrolls of vulnerability
 k - 3 scrolls of teleportation
 z - 2 scrolls of fear
 H - a scroll of fog
 K - 2 scrolls of enchant weapon
 P - a scroll of enchant armour
Potions
 h - 3 potions of brilliance
 j - 4 potions of heal wounds
 l - 2 potions of might
 m - 3 potions of flight {unknown}
 n - 2 potions of magic {unknown}
 q - 4 potions of degeneration {unknown}
 s - 2 potions of cancellation {unknown}
 t - 3 potions of lignification {unknown}
 A - a potion of mutation {unknown}
 C - 3 potions of curing
 J - a potion of haste {unknown}
 L - a potion of attraction {unknown}
 N - a potion of experience {unknown}


   Skills:
 - Level 7.2 Fighting
 - Level 12.9 Maces & Flails
 + Level 7.3 Throwing
 - Level 6.9 Armour
 - Level 3.8 Dodging
 - Level 5.2 Invocations


You had 11 spell levels left.
You didn't know any spells.
Your spell library contained the following spells:

 Spells                   Type           Power      Damage    Failure   Level
 Flame Wave               Conj/Fire      0%         2d4       99%         4
 Fulminant Prism          Conj/Hex       0%         3d6       99%         4
 Iskenderun's Mystic Bla  Conj/Tloc      0%         2d3       99%         4
 Passage of Golubria      Tloc           0%         N/A       99%         4
 Borgnjor's Vile Clutch   Necr/Erth      0%         N/A       100%        5
 Fireball                 Conj/Fire      0%         3d3       100%        5
 Iskenderun's Battlesphe  Conj           0%         2d6       100%        5
 Lee's Rapid Deconstruct  Erth           0%         3d5*      100%        5
 Yara's Violent Unravell  Hex/Tmut       0%         3d3       100%        5
 Conjure Ball Lightning   Conj/Air       0%         3x3d6     100%        6
 Orb of Destruction       Conj           0%         9d5       100%        7
 Chain Lightning          Conj/Air       0%         N/A       100%        9
 Fire Storm               Conj/Fire      0%         5d1       100%        9
 Shatter                  Erth           0%         3d5*      100%        9
 Tukima's Dance           Hex            Unusable   N/A       N/A         3
 Animate Armour           Summ/Erth      Unusable   N/A       N/A         4

Dungeon Overview and Level Annotations

Branches:
Dungeon (11/15)            Temple (1/1) D:5            Lair (2/6) D:11
    Orc (2/2) D:11         Bailey (visited)           IceCv (1/1)
  Swamp: Lair:2-4    Shoals: Lair:2-4     Snake: Lair:2-4    Spider: Lair:2-4
    Elf: Orc:2

Altars:
Ashenzari
Cheibriados
Dithmenos
Elyvilon
Fedhas
Gozag
Hepliaklqana
Kikubaaqudgha
Makhleb
Nemelex Xobeh
Okawaru
Qazlal
Ru
Sif Muna
Trog
Uskayaw
Vehumet
Wu Jian
Xom
Yredelemnul
Zin
The Shining One
Beogh
Lugonu

Shops:
D:11 [(

Annotations:
D:6 3 runed translucent doors, peter4's ghost, novice TrFi
D:11 unfinished, 3 exclusions


Innate Abilities, Weirdness & Mutations

You are too large for most types of armour.
You have claws for hands.
Your natural rate of healing is unusually fast.
You are covered in fur. (AC +1)
You have tough skin. (AC +1)


Message History

There is an open door here.
You open the door.
A harpy simulacrum comes into view.
The harpy simulacrum barely misses you.
The harpy simulacrum claws you but does no damage.
The harpy simulacrum claws you! The harpy simulacrum freezes you!
The harpy simulacrum barely misses you.
Damage: -16%(-19hp) hp: 78%(91hp)
You hit the harpy simulacrum.
The harpy simulacrum is moderately damaged.
The harpy simulacrum claws you. The harpy simulacrum freezes you!!
The harpy simulacrum misses you.
Huge Dmg: -20%(-23hp) hp: 58%(68hp)
You are too injured to fight recklessly!
You are too injured to fight recklessly!
You sock the harpy simulacrum!
The harpy simulacrum is heavily damaged.
The harpy simulacrum closely misses you. x2
The harpy simulacrum claws you. The harpy simulacrum freezes you!
The harpy simulacrum claws you! The harpy simulacrum freezes you!
* * * LOW HITPOINT WARNING * * *
Huge Dmg: -20%(-24hp) hp: 38%(44hp)
You barely miss the harpy simulacrum.
The harpy simulacrum is heavily damaged.
The harpy simulacrum claws you but does no damage.
The harpy simulacrum claws you.
* * * LOW HITPOINT WARNING * * *
The harpy simulacrum freezes you!!
* * * LOW HITPOINT WARNING * * *
Huge Dmg: -21%(-24hp) hp: 17%(20hp)
As you read the scroll labelled WABIB ZIMPIH, it crumbles to dust.
It is a scroll of brand weapon.
Your +5 dire flail of venom projects an invisible shield of force!
e - a +5 dire flail of protection (weapon)
The harpy simulacrum misses you.
The harpy simulacrum completely misses you.
The harpy simulacrum misses you. The harpy simulacrum claws you.
* * * LOW HITPOINT WARNING * * *
The harpy simulacrum freezes you!!
You die...

.####...####.#
#. #...#4.###
##'##(⌠#
#...#+## #...#
#...###
#...#.#
#+#...#Z#
+.....@.+
#.8...8.#
+.......+
#.8...8.#
..........
###.8...8.##
+.......+
#.8...8.#


You could see a harpy simulacrum.

Vanquished Creatures
  4 hydras
  2 boulder beetles (D:11)
  3 two-headed ogres
  An orc knight (Bailey)
  Pikel (D:4)
  An ugly thing (D:11)
  A deep elf pyromancer (Bailey)
  A cyclops (D:11)
  3 black mambas (Lair:1)
  2 ice statues (IceCv)
  A cane toad (Lair:1)
  A kobold demonologist (D:11)
  4 ice devils (IceCv)
  4 trolls
  4 wyverns
  16 yaks
  A steam dragon (D:10)
  A basilisk (Lair:1)
  3 wargs (Orc:1)
  Edmund (D:4)
  3 water moccasins
  An acid dragon (D:11)
  3 ice beasts
  12 orc warriors
  A black bear (D:6)
  A centaur (D:8)
  A phantom (D:7)
  4 kobold brigands
  A gnoll sergeant (D:6)
  5 bullfrogs
  A necrophage (D:5)
  A cane toad simulacrum (Lair:2)
  14 wights
  6 killer bees (D:9)
  An elephant simulacrum (IceCv)
  8 orc priests
  2 jellies
  3 hounds
  An iguana (D:5)
  2 gnoll shamans
  Ijyb (D:3)
  7 orc wizards
  3 spriggan simulacra (IceCv)
  16 gnolls
  8 adders
  A shadow imp (D:7)
  A white imp (D:6)
  2 worms
  3 dart slugs
  43 orcs
  4 bats
  6 endoplasms
  5 giant cockroaches
  7 goblins
  6 hobgoblins
  4 jackals
  22 kobolds
  4 quokkas
  11 ball pythons
  2 frilled lizards (D:2)
  11 rats
293 creatures vanquished.

Vanquished Creatures (others)
  2 fungi (D:6)
2 creatures vanquished.

Grand Total: 295 creatures vanquished

Notes
Turn   | Place    | Note
-------+----------+-------------------------------------------
     0 | D:1      | RepHenryClay the Troll Gladiator began the quest for the
                  | Orb.
     0 | D:1      | Reached XP level 1. HP: 19/19 MP: 0/0
    42 | D:1      | Reached skill level 3 in Maces & Flails
   130 | D:1      | Reached XP level 2. HP: 26/27 MP: 1/1
   335 | D:1      | Found a faded altar of an unknown god.
   591 | D:2      | Reached XP level 3. HP: 33/33 MP: 2/2
   659 | D:2      | Reached skill level 4 in Maces & Flails
  1118 | D:3      | Reached XP level 4. HP: 41/41 MP: 3/3
  1413 | D:3      | Reached skill level 5 in Maces & Flails
  1421 | D:3      | Reached XP level 5. HP: 37/48 MP: 4/4
  1566 | D:3      | Noticed Ijyb
  1574 | D:3      | Killed Ijyb
  1721 | D:3      | Found a broken altar of Ashenzari.
  1935 | D:4      | Identified the +11 falchion of the Whale {pain, rC+ rCorr}
  2057 | D:4      | Found an ancient bone altar of Kikubaaqudgha.
  2311 | D:4      | Reached skill level 1 in Armour
  2720 | D:4      | Found a sparkling altar of Nemelex Xobeh.
  2730 | D:4      | Noticed a lemure
  2730 | D:4      | Noticed a lemure
  2732 | D:4      | Noticed Pikel
  2737 | D:4      | Noticed a lemure
  2739 | D:4      | Noticed a lemure
  2751 | D:4      | Killed Pikel
  2752 | D:4      | Reached XP level 6. HP: 41/61 MP: 5/5
  2752 | D:4      | Reached XP level 7. HP: 45/67 MP: 6/6
  3258 | D:5      | Entered Level 5 of the Dungeon
  3266 | D:5      | Found a staircase to the Ecumenical Temple.
  3280 | Temple   | Entered the Ecumenical Temple
  3367 | Temple   | Became a worshipper of Warmaster Okawaru
  3412 | D:5      | Found a basalt altar of Yredelemnul.
  3424 | D:5      | Noticed Edmund
  3434 | D:5      | Reached skill level 1 in Invocations
  3558 | D:4      | Killed Edmund
  3762 | D:5      | Found a blossoming altar of Fedhas.
  3827 | D:5      | Reached XP level 8. HP: 67/75 MP: 9/9
  4083 | D:5      | Reached * piety under Okawaru
  4588 | D:6      | Reached skill level 5 in Invocations
  4823 | D:6      | Reached skill level 6 in Maces & Flails
  4904 | D:6      | Found a runed translucent gate.
  4904 | D:6      | Found a runed translucent gate.
  4904 | D:6      | Found a runed translucent gate.
  4904 | D:6      | Noticed peter4's ghost (novice TrFi)
  5143 | D:7      | Reached ** piety under Okawaru
  5221 | D:7      | Reached skill level 7 in Maces & Flails
  5417 | D:7      | Reached XP level 9. HP: 74/83 MP: 11/11
  5680 | D:7      | Reached skill level 8 in Maces & Flails
  5939 | D:8      | Found a shadowy altar of Dithmenos.
  6000 | D:8      | Reached *** piety under Okawaru
  6001 | D:8      | Reached skill level 9 in Maces & Flails
  6191 | D:8      | Found a hide-covered altar of Uskayaw.
  6311 | D:8      | Reached skill level 10 in Maces & Flails
  6373 | D:8      | Noticed a moth of wrath
  6376 | D:8      | Found a bloodstained altar of Trog.
  6627 | D:9      | Found an ornate altar of the Wu Jian Council.
  6634 | D:9      | Reached **** piety under Okawaru
  6640 | D:9      | Reached XP level 10. HP: 82/91 MP: 12/12
  6643 | D:9      | Reached skill level 11 in Maces & Flails
  6842 | D:9      | Found a flagged portal.
  6853 | Bailey   | Entered a bailey
  7058 | Bailey   | Found a large runed translucent door.
  7058 | Bailey   | Found a large runed translucent door.
  7059 | Bailey   | Noticed a deep elf pyromancer
  7067 | Bailey   | Noticed an orc knight
  7297 | Bailey   | Killed an orc knight
  7298 | Bailey   | Reached skill level 12 in Maces & Flails
  7440 | Bailey   | Killed a deep elf pyromancer
  7440 | Bailey   | Reached ***** piety under Okawaru
  7455 | Bailey   | Identified the +3 leather armour of Hubris {rElec Regen+
                  | Dex+5 Stlth+}
  7463 | Bailey   | Got the Reference Book on Ashen Flames
  7709 | D:9      | Noticed a two-headed ogre
  7781 | D:9      | Killed a two-headed ogre
  8000 | D:10     | Entered Level 10 of the Dungeon
  8340 | D:10     | Found a glowing silver altar of Zin.
  8340 | D:10     | Noticed an angel
  8469 | D:10     | Noticed a two-headed ogre
  8478 | D:10     | Killed a two-headed ogre
  8479 | D:10     | Reached XP level 11. HP: 101/101 MP: 10/13
  8569 | D:10     | Identified the +5 great mace of Oloazuf {venom, Int+5 SInv}
                  | (Okawaru gifted it to you on level 10 of the Dungeon)
  8569 | D:10     | Received a gift from Okawaru
  8619 | D:10     | Found a glowing golden altar of the Shining One.
  9005 | D:11     | Reached skill level 5 in Fighting
  9033 | D:11     | Noticed a five-headed hydra
  9191 | D:11     | Killed a five-headed hydra
  9239 | D:11     | Noticed a boulder beetle
  9248 | D:11     | Killed a boulder beetle
  9249 | D:11     | Reached skill level 5 in Armour
  9282 | D:11     | Noticed a boulder beetle
  9298 | D:11     | Killed a boulder beetle
  9298 | D:11     | Noticed a two-headed ogre
  9315 | D:11     | Killed a two-headed ogre
  9315 | D:11     | Identified the +2 animal skin "Loaf" {rElec rPois SInv}
                  | (Okawaru gifted it to you on level 11 of the Dungeon)
  9315 | D:11     | Received a gift from Okawaru
  9401 | D:11     | Noticed a seven-headed hydra
  9401 | D:11     | Noticed a cyan ugly thing
  9423 | D:11     | Noticed a fire dragon
  9621 | D:11     | Noticed a brown ugly thing
  9633 | D:11     | Killed a brown ugly thing
  9714 | D:11     | Found a sacrificial altar of Ru.
  9808 | D:11     | Found a staircase to the Lair.
  9821 | D:11     | Found Tucsehul's Armour Shop.
  9821 | D:11     | Found a staircase to the Orcish Mines.
  9842 | D:11     | Found Qywkaice's Weapon Shop.
  9877 | D:11     | Bought a +0 cloak for 67 gold pieces
 10090 | Orc:1    | Entered Level 1 of the Orcish Mines
 10350 | Orc:1    | Reached ****** piety under Okawaru
 10729 | Orc:2    | Entered Level 2 of the Orcish Mines
 10784 | Lair:1   | Entered Level 1 of the Lair of Beasts
 10817 | Lair:1   | Noticed a seven-headed hydra
 10832 | Lair:1   | Killed a seven-headed hydra
 10893 | Lair:1   | Identified the +6 war axe "Kuskun" {vorpal, rElec rC++ rN+
                  | Int-5}
 11228 | Lair:1   | Reached XP level 12. HP: 87/118 MP: 14/14
 11295 | Lair:1   | Noticed a six-headed hydra
 11317 | Lair:1   | Killed a six-headed hydra
 11450 | Lair:1   | Reached skill level 5 in Throwing
 11787 | Lair:2   | Noticed a five-headed hydra
 11798 | Lair:2   | Killed a five-headed hydra
 11798 | Lair:2   | Identified the -1 hat "Tytuesh" {rElec Str+2 Int-4 Dex+3}
                  | (Okawaru gifted it to you on level 2 of the Lair of Beasts)
 11798 | Lair:2   | Received a gift from Okawaru
 11913 | Lair:2   | Found a frozen archway.
 11925 | IceCv    | Entered an ice cave
 12186 | IceCv    | Slain by a harpy simulacrum

Illustrated notes

Levels and vault maps discovered:
D:1:      mrwooster_arrival_statue_2, layout_basic,
          hellmonk_ecumenical_altar_leap_of_faith
D:2:      layout_basic
D:3:      layout_basic, lemuel_coloured_pillars_altar, st_stairs_11,
          grunt_ministairs_10, minmay_liquid_box, uniq_ijyb
D:4:      layout_layer_cave, kennysheep_mini_moat, lemuel_tele_altar, uniq_pikel
D:5:      layout_cave_pods, nicolae_overflow_crystal_walls,
          nicolae_overflow_hidden_temple, minmay_temple_entry_glassed_door,
          uniq_edmund
D:6:      minmay_inner_zag, layout_gridville, gammafunk_ghost_nasty_kobolds
D:7:      layout_cave_pods
D:8:      layout_rooms, tgw_trog, nicolae_dithmenos_through_a_glass_darkly,
          nicolae_uskayaw_murder_on_the_dancefloor
D:9:      layout_loops_ring, mainiacjoe_overflow_alcove_1, enter_bailey_2
D:10:     layout_irregular_city, marbit_many_paths, zin_angel, feat_on_display
D:11:     minmay_the_grid_triangle_9x9_recursive_3
          [minmay_the_grid_triangle_9x9_subtriangle,
          minmay_the_grid_triangle_9x9_zippers_horizontal,
          minmay_the_grid_triangle_9x9_flanged_cone,
          minmay_the_grid_triangle_9x9_prize_top_heavy,
          minmay_the_grid_triangle_9x9_descending_squares,
          minmay_the_grid_triangle_9x9_windchime,
          minmay_the_grid_triangle_9x9_dagger,
          minmay_the_grid_triangle_9x9_intruding_spiral,
          minmay_the_grid_triangle_9x9_zippers_vertical], layout_gridville,
          orc_david_3, chequers_decorated_corner, nicolae_ru_awakened_eye
Temple:   kb_corrupted_temple
Lair:1:   layout_chaotic_city, grunt_megastairs_4, serial_bayou_shore_a
Lair:2:   lemuel_slime, layout_cave_pods, portal_ice_cave_entry_ice_simulacra,
          grunt_megastairs_2
Orc:1:    layout_diamond_mine, basic_altar
Orc:2:    st_orc_open, layout_caves, sword_in_stone
IceCv:    ice_cave_tombish

Skill      XL: |  1  2  3  4  5  6  7  8  9 10 11 12 |
---------------+-------------------------------------+-----
Maces & Flails | 3 4 5 7 10 12 | 12.9
Fighting       | 3 4 7 |  7.2
Armour         | 2 3 6 |  6.9
Dodging        | 3 |  3.8
Invocations    | 3 5 |  5.2
Throwing       | 3 7 |  7.3

Action                   |  1- 3 |  4- 6 |  7- 9 | 10-12 || total
-------------------------+-------+-------+-------+-------++-------
Melee: Flail             |   150 |    64 |       |       ||   214
       Falchion          |       |    58 |    39 |       ||    97
       Punch             |       |       |     1 |       ||     1
       Dire flail        |       |       |   229 |   388 ||   617
       Spear             |       |       |       |    12 ||    12
       Great mace        |       |       |       |    15 ||    15
Throw: Javelin           |       |     4 |     1 |     8 ||    13
       Dart              |       |     2 |       |     7 ||     9
       Throwing net      |       |     1 |     2 |       ||     3
       Large rock        |       |     1 |     1 |    14 ||    16
Invok: Heroism           |       |       |       |     9 ||     9
Evoke: Wand              |       |     1 |     2 |     8 ||    11
  Use: Potion            |     1 |       |       |     2 ||     3
       Scroll            |       |       |    11 |     5 ||    16
 Stab: Sleeping          |     1 |     2 |     1 |     2 ||     6
       Held in net/web   |       |       |     1 |       ||     1
Armor: Robe              |    66 |    24 |    26 |    13 ||   129
       Animal skin       |       |       |       |    24 ||    24
       Steam dragon scal |       |       |       |     5 ||     5
Dodge: Dodged            |    73 |    79 |   172 |   239 ||   563

Table legend: (Time is in decaauts)
 A = Elapsed time spent in this place.
 B = Non-inter-level travel time spent in this place.
 C = Inter-level travel time spent in this place.
 D = Time resting spent in this place.
 E = Time spent auto-exploring this place.
 F = Levels seen in this place.
 G = Mean time per level.
                   A        B        C        D        E       F      G
               +--------+--------+--------+--------+--------+-----+--------+
         Total |  12137 |  11613 |    524 |    644 |   7868 |  18 |  674.3 |
       Dungeon |   9392 |   9028 |    364 |    482 |   6405 |  11 |  853.8 |
        Temple |    106 |     78 |     28 |      0 |     63 |   1 |  106.0 |
          Lair |   1088 |   1025 |     63 |      8 |    747 |   2 |  544.0 |
  Orcish Mines |    665 |    597 |     68 |      5 |    492 |   2 |  332.5 |
        Bailey |    641 |    641 |      0 |     49 |    111 |   1 |  641.0 |
      Ice Cave |    243 |    243 |      0 |    100 |     50 |   1 |  243.0 |
               +--------+--------+--------+--------+--------+-----+--------+

Top non-repeatable levels by time:
     D:4: 1447 daAuts
    D:11: 1300 daAuts
     D:5: 1088 daAuts
     D:3: 935 daAuts
  Lair:1: 924 daAuts
     D:7: 898 daAuts
     D:9: 832 daAuts
    D:10: 812 daAuts
   Orc:1: 653 daAuts
  Bailey: 641 daAuts
     D:8: 561 daAuts
     D:2: 530 daAuts
     D:1: 511 daAuts
     D:6: 474 daAuts
   IceCv: 243 daAuts
